 Dungeon Crawl Stone Soup version 0.30-a0-568-g124715a40b (webtiles) character file.

Game seed: 12714310687452321434

175 Jase the Sneak (level 5, -1/45 HPs)
             Began as a Kobold Brigand on Dec 28, 2022.
             Was a Believer of Fedhas.
             Slain by an orc priest
             ... wielding a +0 club
              (3 damage)
             ... on level 4 of the Dungeon.
             The game lasted 00:05:23 (2658 turns).

Jase the Sneak (Kobold Brigand)                     Turns: 2658, Time: 00:05:24

Health: -1/45      AC: 22    Str:  8    XL:     5   Next: 85%
Magic:  6/6        EV:  3    Int: 13    God:    Fedhas [**....]
Gold:   119        SH:  5    Dex: 18    Spells: 4/4 levels left

rFire   . . .      SeeInvis .    b - +1 dagger (venom)
rCold   . . .      Faith    .    s - +0 buckler
rNeg    . . .      Spirit   .    (body armour currently unavailable)
rPois   +          Reflect  .    (helmet currently unavailable)
rElec   .          Harm     .    (cloak currently unavailable)
rCorr   .          Rampage  .    (gloves currently unavailable)
Will    .....      NoTele   +    (boots currently unavailable)
Stlth   ++++                     (no amulet)
HPRegen 0.27/turn                (no ring)
MPRegen 0.10/turn                (no ring)

@: tree-form
A: stationary, stasis, torment immunity, boosted hp, small, no large weapons,
nightstalker 3
a: Renounce Religion, Wall of Briars


You were on level 4 of the Dungeon.
You worshipped Fedhas.
Fedhas was pleased with you.
You were a tree.
You visited 1 branch of the dungeon, and saw 4 of its levels.

You collected 119 gold pieces.

Inventory:

Hand Weapons
 a - a +2 dagger
 b - a +1 dagger of venom (weapon)
Missiles
 d - 21 poisoned darts (quivered)
 e - 3 curare-tipped darts
 g - 29 stones
 v - 3 boomerangs
Armour
 c - a +0 cloak (melded)
 h - a +0 ring mail (melded)
 s - a +0 buckler (worn)
Wands
 t - a wand of acid (8)
Scrolls
 f - a scroll of blinking {unknown}
 i - 2 scrolls of teleportation
 j - a scroll of poison {unknown}
 k - a scroll of vulnerability {unknown}
 l - a scroll of enchant armour {unknown}
 u - a scroll of fear {unknown}
Potions
 o - a potion of curing {unknown}
 p - a potion of might {unknown}
 q - a potion of cancellation {unknown}
 r - a potion of haste {unknown}


   Skills:
 - Level 2.1 Fighting
 * Level 5.2 Short Blades
 - Level 2.1 Throwing
 + Level 3.0 Dodging
 + Level 6.4 Stealth
 + Level 0.4 Shields
 + Level 1.4 Invocations


You had 4 spell levels left.
You didn't know any spells.
Your spell library contained the following spells:

 Spells                   Type           Power      Damage    Failure   Level
 Ensorcelled Hibernation  Hex/Ice        0%         N/A       58%         2
 Spider Form              Tmut/Pois      0%         N/A       82%         3
 Anguish                  Hex/Necr       0%         N/A       99%         4
 Ice Form                 Ice/Tmut       0%         N/A       99%         4
 Arcjolt                  Conj/Air       0%         1d10      100%        5


Dungeon Overview and Level Annotations

Branches:
Dungeon (4/15)
 Temple: D:4-7

Altars:
Fedhas


Innate Abilities, Weirdness & Mutations

You are a tree.
Your roots penetrate the ground, keeping you stationary.
You cannot be teleported.
You are immune to unholy pain and torment.
Your maximum health is greatly increased.
Your equipment is partially melded.
You are small and have problems with some larger weapons.
You are completely attuned to the shadows.


Message History

The orc priest is moderately wounded.
The orc priest hits you but does no damage.
You block the goblin's attack. The orc hits you but does no damage.
The orc priest invokes the aid of Beogh against you.
Beogh smites you!
The dart slug bites you but does no damage.
You barely miss the orc priest. The orc hits you but does no damage.
The goblin hits you but does no damage. The orc priest barely misses you.
You block the orc priest's attack.
You barely miss the orc priest. The dart slug launches a dart at you.
The slug dart hits you but does no damage.
The orc hits you but does no damage. The goblin hits you but does no damage.
The orc priest hits you but does no damage.
The orc priest mumbles some strange prayers to Beogh against you.
Beogh smites you!
You hit the orc priest.
The orc priest is lightly wounded.
You hit the orc priest.
The orc priest is moderately wounded.
You block the orc's attack. The goblin hits you with a +0 club.
The orc priest calls down the wrath of Beogh upon you.
Beogh smites you!
* * * LOW HITPOINT WARNING * * *
The orc priest hits you but does no damage.
The dart slug bites you but does no damage.
You hit the orc priest.
The orc priest is poisoned.
The orc priest is severely wounded.
The goblin barely misses you. You block the orc priest's attack.
The orc hits you but does no damage.
The orc priest hits you but does no damage.
The dart slug bites you but does no damage.
Okay, then.
You closely miss the orc priest.
The orc priest is severely wounded.
The orc hits you but does no damage.
The orc priest hits you but does no damage.
The goblin hits you but does no damage. The orc priest hits you with a +0 club.
You die...
Fedhas appreciates your contribution to the ecosystem.

.### ...# ##.# #.#
##.# ##.[...## ...#
.#.......# ####
.........# #####
#....o..# ....#
#..g♣w...
###.#########...oo..#
#.........)..)....#
###########.......#
#########


You could see 2 orc priests, a dart slug, an orc and a goblin.

Vanquished Creatures
  An orc priest (D:4)
  6 adders
  A worm (D:2)
  3 dart slugs
  2 orcs
  8 bats
  4 endoplasms
  3 giant cockroaches
  2 goblins
  8 hobgoblins
  8 jackals
  5 quokkas
  8 ball pythons
  5 frilled lizards
  7 kobolds
  9 rats
80 creatures vanquished.

Notes
Turn   | Place    | Note
-------+----------+-------------------------------------------
     0 | D:1      | Jase the Kobold Brigand began the quest for the Orb.
     0 | D:1      | Reached XP level 1. HP: 12/12 MP: 1/1
   158 | D:1      | Reached XP level 2. HP: 17/17 MP: 2/2
   334 | D:1      | Reached XP level 3. HP: 21/21 MP: 3/3
  1313 | D:2      | Reached XP level 4. HP: 25/26 MP: 4/4
  1319 | D:2      | Found a faded altar of an unknown god.
  1324 | D:2      | Prayed at the altar of an unknown god.
  1324 | D:2      | Became a worshipper of Fedhas Madash
  1324 | D:2      | Reached * piety under Fedhas
  1512 | D:2      | Reached skill level 6 in Stealth
  1918 | D:3      | Reached skill level 1 in Invocations
  1918 | D:3      | Reached XP level 5. HP: 30/30 MP: 5/5
  2154 | D:3      | Got the Catalogue of Proximity
  2165 | D:3      | Reached ** piety under Fedhas
  2387 | D:3      | Reached skill level 5 in Short Blades
  2516 | D:4      | Noticed a phantom
  2656 | D:4      | HP: 2/45 [orc priest/divine providence (14)]
  2658 | D:4      | Slain by an orc priest

Illustrated notes

Levels and vault maps discovered:
D:1:      dpeg_arrival_water_fire, layout_basic
D:2:      layout_basic, hellmonk_ecumenical_altar_run_dry,
          hangedman_decor_peaks_small, chequers_jeans
D:3:      layout_basic
D:4:      old_forge, layout_loops_corners, minmay_temple_entry_ruins

Skill      XL: |  1  2  3  4  5 |
---------------+----------------+-----
Short Blades   | 3 4 5 |  5.2
Dodging        | 2 3 |  3.0
Stealth        | 6 |  6.4
Invocations    | 1 |  1.4
Fighting       | |  2.1
Throwing       | |  2.1
Shields        | |  0.4

Action                   |  1- 3 |  4- 6 || total
-------------------------+-------+-------++-------
Melee: Dagger            |    75 |    88 ||   163
  Use: Potion            |       |     2 ||     2
       Scroll            |       |     1 ||     1
 Stab: Sleeping          |    21 |    23 ||    44
       Distracted        |     1 |       ||     1
Armor: Robe              |     6 |       ||     6
       Ring mail         |     2 |    20 ||    22
       Skin              |       |    23 ||    23
Dodge: Dodged            |    30 |    37 ||    67
Block: Buckler           |       |    28 ||    28

Table legend: (Time is in decaauts)
 A = Elapsed time spent in this place.
 B = Non-inter-level travel time spent in this place.
 C = Inter-level travel time spent in this place.
 D = Time resting spent in this place.
 E = Time spent auto-exploring this place.
 F = Levels seen in this place.
 G = Mean time per level.
                   A        B        C        D        E       F      G
               +--------+--------+--------+--------+--------+-----+--------+
         Total |   2628 |   2563 |     65 |     94 |   1998 |   4 |  657.0 |
       Dungeon |   2628 |   2563 |     65 |     94 |   1998 |   4 |  657.0 |
               +--------+--------+--------+--------+--------+-----+--------+

Top non-repeatable levels by time:
     D:1: 1199 daAuts
     D:3: 680 daAuts
     D:2: 636 daAuts
     D:4: 112 daAuts
